 Dungeon Crawl Stone Soup version 0.23.2-1-ga50397a6bc (webtiles) character file.

Game seed: 8604341662084036354

70 Menchi the Ducker (level 4, 20/23 HPs)
             Began as a Spriggan Gladiator on May 13, 2019.
             Got out of the dungeon alive.
             The game lasted 00:03:18 (1156 turns).

Menchi the Ducker (Spriggan Gladiator)              Turns: 1156, Time: 00:03:18

Health: 20/23      AC:  4    Str: 11    XL:     4   Next: 3%
Magic:  5/5        EV: 21    Int:  9    God:
Gold:   74         SH:  0    Dex: 17    Spells: 3/3 levels left

rFire    . . .     SeeInvis +   a - +0 trident
rCold    . . .     Gourm    .   (shield currently unavailable)
rNeg     . . .     Faith    .   k - +2 robe {MR+}
rPois    .         Spirit   .   c - +0 hat
rElec    .         Reflect  .   (no cloak)
rCorr    .         Harm     .   (gloves unavailable)
MR       +....                  (boots unavailable)
Stlth    ++........             (no amulet)
HPRegen  0.07/turn              (no ring)
MPRegen  0.09/turn              (no ring)

@: very quick
A: very small, unfitting armour, see invisible, herbivore, speed 3, slow
metabolism 2
a: no special abilities


You escaped.
You were not hungry.

You visited 1 branch of the dungeon, and saw 2 of its levels.

You collected 74 gold pieces.

Inventory:

Hand Weapons
 a - a +0 trident (weapon)
Missiles
 d - 3 throwing nets (quivered)
Armour
 c - a +0 hat (worn)
 e - a +0 buckler
 k - a +2 robe of magic resistance (worn)
Scrolls
 b - a scroll of amnesia {unknown}
 g - a scroll of remove curse {unknown}
 i - a scroll of magic mapping {unknown}
 l - a scroll of fear {unknown}
 n - a scroll of teleportation {unknown}
 o - a scroll of noise {unknown}
Potions
 h - 2 potions of degeneration {unknown}
 j - 2 potions of haste {unknown}
 m - a potion of cancellation {unknown}
Comestibles
 f - 2 rations


   Skills:
 * Level 2.5 Fighting
 - Level 2.1 Polearms
 - Level 2.0 Throwing
 * Level 5.7 Dodging
 * Level 1.0 Shields


You had 3 spell levels left.
You didn't know any spells.
Your spell library was empty.

Dungeon Overview and Level Annotations

Branches:
Dungeon (2/15)

Altars:


Innate Abilities, Weirdness & Mutations

You are very small and have problems with some larger weapons.
You are too small for most types of armour.
You have supernaturally acute eyesight. (SInv)
You are a herbivore.
You cover ground extremely quickly.
You need to consume almost no food.


Message History

The hobgoblin is moderately wounded.
The hobgoblin completely misses you.
You hit the hobgoblin.
The hobgoblin is heavily wounded.
The hobgoblin closely misses you.
You hit the hobgoblin.
You kill the hobgoblin!
There is a stone staircase leading down, spattered with blood here.
Things that are here:
a +0 robe; a hobgoblin corpse You see here a mace.
There is a stone staircase leading down here.
There is an open door here.
There is an open door here.
You open the door.
There is an open door here.
There is a staircase leading out of the dungeon here.
You can't go down here!
Are you sure you want to leave the Dungeon?
This will make you lose the game!
You have escaped!

#......... #.###..##.
#......... #.###...##
######### #.# #.†.#
#.......# #.###...##
#.##'##.# #.........
#.#...#.# #..(......
#.#.@.#.# #.........
#.##'##.####.###...##
#.....'.'....# #...#
#######'#.#..###...##
#.#.##.........
#...########.## ###.#
#... #.# #### #.#


There were no monsters in sight!

Vanquished Creatures
  Jessica (D:2)
  An adder (D:2)
  An ooze (D:1)
  A worm (D:2)
  A dart slug (D:1)
  A ball python (D:1)
  3 bats
  2 giant cockroaches
  3 goblins
  3 hobgoblins
  A kobold (D:1)
  2 frilled lizards (D:2)
  9 rats
29 creatures vanquished.

Notes
Turn   | Place    | Note
-------+----------+-------------------------------------------
     0 | D:1      | Menchi the Spriggan Gladiator began the quest for the Orb.
     0 | D:1      | Reached XP level 1. HP: 10/10 MP: 2/2
   215 | D:1      | Reached XP level 2. HP: 14/15 MP: 3/3
   328 | D:1      | Reached skill level 5 in Dodging
   779 | D:2      | Reached XP level 3. HP: 13/18 MP: 4/4
   999 | D:2      | Noticed Jessica
  1015 | D:2      | Killed Jessica
  1021 | D:2      | Reached skill level 1 in Shields
  1021 | D:2      | Reached XP level 4. HP: 14/23 MP: 5/5
  1156 | D:$      | Got out of the dungeon alive.

Skill      XL: |  1  2  3 |
---------------+----------+-----
Fighting       | 2 |  2.5
Dodging        | 5 |  5.7
Shields        | 1 |  1.0
Polearms       | |  2.1
Throwing       | |  2.0

Action                   |  1- 3 |  4- 6 || total
-------------------------+-------+-------++-------
Melee: Trident           |    85 |     4 ||    89
 Stab: Sleeping          |    10 |       ||    10
Armor: Robe              |     5 |     1 ||     6
Dodge: Dodged            |    62 |     4 ||    66
